 Dungeon Crawl Stone Soup version 0.31-a0-963-ga325b2283a (webtiles) character file.

Game seed: 9636257446741128715

2260 Newt the Skirmisher (level 9, -31/59 HPs)
             Began as a Kobold Hunter on Oct 23, 2023.
             Annihilated by a two-headed ogre
             ... wielding a +0 giant club
              (32 damage)
             ... on level 8 of the Dungeon on Oct 24, 2023.
             The game lasted 00:05:48 (6325 turns).

Newt the Skirmisher (Kobold Hunter)                 Turns: 6325, Time: 00:05:51

Health: -31/59     AC:  3    Str:  9    XL:     9   Next: 64%
Magic:  9/9        EV: 18    Int: 10    God:
Gold:   292        SH:  0    Dex: 22    Spells: 8/8 levels left

rFire   . . .        a - +0 shortbow
rCold   . . .        (shield currently unavailable)
rNeg    . . .        c - +0 leather armour
rPois   .            (no helmet)
rElec   .            (no cloak)
rCorr   .            (no gloves)
SInv    .            (no boots)
Will    .....        (no amulet)
Stlth   +++          (no ring)
HPRegen 0.29/turn    (no ring)
MPRegen 0.11/turn

%: no passive effects
@: no status effects
A: small, no large weapons, nightstalker 3
a: no special abilities


You were on level 8 of the Dungeon.
You visited 1 branch of the dungeon, and saw 7 of its levels.

You collected 292 gold pieces.

Inventory:

Hand Weapons
 a - a +0 shortbow (weapon)
Missiles
 p - 2 throwing nets
Armour
 c - a +0 leather armour (worn)
Wands
 q - a wand of paralysis (10)
Scrolls
 b - a scroll of butterflies
 e - a scroll of vulnerability
 f - 2 scrolls of fog
 g - a scroll of blinking
 i - 2 scrolls of revelation
 n - a scroll of identify
Potions
 d - 2 potions of degeneration
 h - 3 potions of enlightenment
 j - a potion of magic
 k - 3 potions of lignification
 l - 4 potions of curing {unknown}
 m - 2 potions of haste
 o - a potion of brilliance {unknown}


   Skills:
 - Level 8.0 Fighting
 + Level 12.6 Ranged Weapons
 - Level 6.0 Dodging
 - Level 1.3 Stealth


You had 8 spell levels left.
You didn't know any spells.
Your spell library was empty.

Dungeon Overview and Level Annotations

Branches:
Dungeon (8/15)
 Temple: D:4-7         Lair: D:8-11

Altars:
Nemelex Xobeh
Trog
Yredelemnul
The Shining One


Innate Abilities, Weirdness & Mutations

You are small and have problems with some larger weapons.
You are completely attuned to the shadows.


Message History

You shoot an arrow.
The arrow hits the two-headed ogre but does no damage.
The two-headed ogre is lightly wounded.
The two-headed ogre closely misses you.
The two-headed ogre hits you with a +0 giant club!
You shoot an arrow. The arrow hits the two-headed ogre.
The two-headed ogre is moderately wounded.
You shoot an arrow. The arrow hits the two-headed ogre.
The two-headed ogre is moderately wounded.
The two-headed ogre closely misses you. x2
You shoot an arrow. The arrow hits the two-headed ogre.
The two-headed ogre is moderately wounded.
You shoot an arrow.
The arrow hits the two-headed ogre but does no damage.
The two-headed ogre is moderately wounded.
The two-headed ogre hits you with a +0 giant club!
The two-headed ogre misses you.
You are too injured to fight recklessly!
You are too injured to fight recklessly!
You are too injured to fight recklessly!
You are too injured to fight recklessly!
You shoot an arrow. The arrow hits the two-headed ogre!
The two-headed ogre is severely wounded.
You shoot an arrow. The arrow hits the two-headed ogre!
The two-headed ogre is almost dead.
The two-headed ogre misses you.
The two-headed ogre completely misses you.
You shoot an arrow. The arrow hits the two-headed ogre.
The two-headed ogre is almost dead.
The two-headed ogre closely misses you.
The two-headed ogre hits you with a +0 giant club.
You shoot an arrow. The arrow hits the two-headed ogre.
The two-headed ogre is almost dead.
You shoot an arrow.
The arrow barely misses the two-headed ogre.
The two-headed ogre hits you with a +0 giant club!!
* * * LOW HITPOINT WARNING * * *
The two-headed ogre hits you with a +0 giant club!!
Ouch! That really hurt!
You die...

#### ....
...)#############
...)')O@.......>#
....######....#.##
.... #.......+..#
....
#.......#..#####
....
#..%............
#.........#.....
#.........#.....
#.........#.....
#.........).....


You could see a two-headed ogre.

Vanquished Creatures
  Grinder (D:3)
  A water moccasin (D:7)
  2 ice beasts
  2 sky beasts (D:7)
  2 ogres
  3 phantoms
  A bullfrog (D:7)
  2 wights (D:7)
  6 howler monkeys
  4 hounds
  3 jellies (D:7)
  2 orc priests (D:5)
  A gnoll bouda (D:7)
  An iguana (D:5)
  4 orc wizards
  Natasha (thrice) (D:2)
  A sleepcap (D:6)
  Robin (D:2)
  7 adders
  6 gnolls
  A shadow imp (D:6)
  4 ufetubi
  3 dart slugs
  25 orcs
  4 bats
  2 endoplasms (D:1)
  2 giant cockroaches (D:2)
  16 goblins
  11 hobgoblins
  A jackal (D:2)
  2 quokkas (D:2)
  4 ball pythons
  5 frilled lizards
  6 kobolds
  7 rats
146 creatures vanquished.

Notes
Turn   | Place    | Note
-------+----------+-------------------------------------------
     0 | D:1      | Newt the Kobold Hunter began the quest for the Orb.
     0 | D:1      | Reached XP level 1. HP: 12/12 MP: 1/1
   150 | D:1      | Reached XP level 2. HP: 18/18 MP: 2/2
   469 | D:1      | Reached XP level 3. HP: 24/24 MP: 3/3
   806 | D:1      | HP: 1/24 [gnoll/+0 flail (5)]
   821 | D:1      | Reached XP level 4. HP: 5/30 MP: 4/4
  1120 | D:2      | Noticed Natasha
  1127 | D:2      | Killed Natasha
  1128 | D:2      | Reached skill level 5 in Fighting
  1339 | D:2      | Found a basalt altar of Yredelemnul.
  1369 | D:2      | Reached XP level 5. HP: 35/35 MP: 5/5
  1576 | D:2      | Noticed Natasha
  1597 | D:2      | Killed Natasha
  1598 | D:2      | Reached skill level 6 in Ranged Weapons
  1808 | D:2      | Noticed Robin
  1819 | D:2      | Killed Robin
  2094 | D:2      | Noticed Natasha
  2101 | D:2      | Killed Natasha
  2102 | D:2      | Reached skill level 7 in Ranged Weapons
  2102 | D:2      | Reached XP level 6. HP: 29/40 MP: 6/6
  2497 | D:3      | Noticed Grinder
  2504 | D:3      | Paralysed by Grinder for 5 turns
  2514 | D:3      | Killed Grinder
  2515 | D:3      | Reached skill level 9 in Ranged Weapons
  2515 | D:3      | Reached XP level 7. HP: 9/44 MP: 7/7
  2771 | D:3      | You fall into a shaft and drop 2 floors!
  2771 | D:5      | Entered Level 5 of the Dungeon
  3172 | D:5      | Reached skill level 10 in Ranged Weapons
  3699 | D:5      | Found a glowing golden altar of the Shining One.
  3781 | D:5      | Reached XP level 8. HP: 49/49 MP: 8/8
  3787 | D:5      | Found a bloodstained altar of Trog.
  3995 | D:6      | Reached skill level 5 in Dodging
  4986 | D:7      | Reached XP level 9. HP: 50/59 MP: 9/9
  5233 | D:7      | Reached skill level 11 in Ranged Weapons
  5565 | D:7      | Found a sparkling altar of Nemelex Xobeh.
  5649 | D:7      | HP: 2/59 [gnoll/+0 spear[a gnoll bouda] (9)]
  5689 | D:7      | Reached skill level 12 in Ranged Weapons
  5869 | D:7      | Upgraded the game from 0.31-a0-960-g0fca184906 to
                  | 0.31-a0-963-ga325b2283a
  6309 | D:8      | Noticed a two-headed ogre
  6325 | D:8      | HP: 1/59 [two-headed ogre/+0 giant club (26)]
  6325 | D:8      | Annihilated by a two-headed ogre

Illustrated notes

Levels and vault maps discovered:
D:1:      roderic_crossed_star, layout_basic, hangedman_decor_slide_cut,
          minmay_tromino_v2
D:2:      layout_basic, basic_altar, uniq_robin, uniq_natasha
D:3:      layout_loops_ring, lemuel_coloured_pillars_altar,
          nicolae_uskayaw_suspiria, minmay_tree_intersection,
          kennysheep_generic_room_12, uniq_grinder, uniq_sigmund, uniq_terence
D:5:      layout_rooms, old_standard_altar, trog_hazing_becter,
          nicolae_twisty_statue_hallways
D:6:      layout_loops_cross
D:7:      layout_loops_ring, mainiacjoe_overflow_surrounded_room,
          minmay_misc_feat_rows
D:8:      layout_basic, vehumet_crystals, gammafunk_ghost_icy

Skill      XL: |  1  2  3  4  5  6  7  8  9 |
---------------+----------------------------+-----
Fighting       | 3 4 5 8 |  8.0
Ranged Weapons | 7 9 10 12 | 12.6
Dodging        | 4 6 |  6.0
Stealth        | |  1.3

Action                     |  1- 3 |  4- 6 |  7- 9 || total
---------------------------+-------+-------+-------++-------
  Melee: Shortbow          |       |       |     5 ||     5
   Fire: Shortbow          |    93 |   126 |   377 ||   596
    Use: Potion            |     1 |       |     1 ||     2
         Scroll            |       |     7 |     5 ||    12
 Armour: Leather armour    |    22 |    30 |   119 ||   171
  Dodge: Dodged            |    37 |    38 |   195 ||   270

Table legend: (Time is in decaauts)
 A = Elapsed time spent in this place.
 B = Non-inter-level travel time spent in this place.
 C = Inter-level travel time spent in this place.
 D = Time resting spent in this place.
 E = Time spent auto-exploring this place.
 F = Levels seen in this place.
 G = Mean time per level.
                   A        B        C        D        E       F      G
               +--------+--------+--------+--------+--------+-----+--------+
         Total |   6292 |   6142 |    150 |   1394 |   3901 |   7 |  898.9 |
       Dungeon |   6292 |   6142 |    150 |   1394 |   3901 |   7 |  898.9 |
               +--------+--------+--------+--------+--------+-----+--------+

Top non-repeatable levels by time:
     D:2: 1345 daAuts
     D:7: 1315 daAuts
     D:6: 1076 daAuts
     D:1: 1066 daAuts
     D:5: 1043 daAuts
     D:3: 374 daAuts
     D:8: 70 daAuts
